 Dungeon Crawl Stone Soup version 0.26-a0-491-g70697cc071 (webtiles) character file.

Game seed: 13976957086036153941

2234 BeastOfSaturn the Carver (level 9, -12/61 HPs)
             Began as a Demonspawn Warper on Aug 5, 2020.
             Was a Believer of Hepliaklqana.
             Mangled by Harold
             ... wielding a +0 halberd
              (13 damage)
             ... on level 7 of the Dungeon.
             The game lasted 00:09:09 (5514 turns).

BeastOfSaturn the Carver (Demonspawn Warper)        Turns: 5514, Time: 00:09:10

Health: -12/61     AC: 11    Str: 15    XL:     9   Next: 14%
Magic:  12/12      EV: 14    Int: 14    God:    Hepliaklqana [**....]
Gold:   338        SH:  0    Dex: 13    Spells: 10/12 levels left

rFire    + + .     SeeInvis .   r - +1 great sword
rCold    x . .     Faith    .   (shield currently unavailable)
rNeg     . . .     Spirit   .   A - +3 salamander hide armour {Flames rF++ rC--}
rPois    .         Reflect  .   (helmet restricted)
rElec    .         Harm     .   h - +2 cloak
rCorr    +                      (no gloves)
MR       .....                  (no boots)
Stlth    +.........             (no amulet)
HPRegen  0.20/turn              u - ring of resist corrosion
MPRegen  0.13/turn              (no ring)

@: no status effects
A: reduced essence, antennae 2, thin metallic scales 1, cold resistance 1,
demonic guardian 1
a: Recall Ancestor, Ancestor Identity, Renounce Religion


You were on level 7 of the Dungeon.
You worshipped Hepliaklqana.
Hepliaklqana was pleased with you.
You visited 1 branch of the dungeon, and saw 7 of its levels.

You collected 338 gold pieces.

Inventory:

Hand Weapons
 a - a +0 falchion
 r - a +1 great sword (weapon)
Missiles
 e - 5 boomerangs of dispersal (quivered)
 l - 5 boomerangs
Armour
 b - a +0 leather armour
 h - a +2 cloak (worn)
 s - a +0 scale mail
 A - the +3 salamander hide armour (worn) {Flames rF++ rC--}
   (You found it on level 5 of the Dungeon)

   It greatly protects you from fire.
   It makes you very vulnerable to cold.
Jewellery
 u - a ring of resist corrosion (left hand)
 y - an uncursed ring of positive energy {unknown}
Wands
 o - a wand of polymorph (8)
 p - a wand of clouds (5)
Scrolls
 c - 2 scrolls of magic mapping
 d - a scroll of blinking
 g - a scroll of enchant armour
 j - 13 scrolls of identify
 k - a scroll of fear
 m - 4 scrolls of teleportation
 n - 4 scrolls of remove curse
 v - 2 scrolls of amnesia
 B - a scroll of enchant weapon
Potions
 f - 2 potions of berserk rage
 i - 3 potions of curing {unknown}
 q - a potion of flight {unknown}
 t - a potion of invisibility {unknown}
 w - a potion of brilliance {unknown}
 x - a potion of stabbing {unknown}
 z - a potion of mutation {unknown}
 C - a potion of degeneration {unknown}
 D - a potion of cancellation {unknown}


   Skills:
 * Level 5.5 Fighting
 * Level 9.2 Long Blades
 - Level 0.8 Throwing
 - Level 0.8 Armour
 * Level 4.7 Dodging
 - Level 2.0 Spellcasting
 + Level 2.6 Translocations


You had 10 spell levels left.
You knew the following spells:

 Your Spells              Type           Power        Failure   Level
a - Blink                 Tloc           N/A          14%         2

Your spell library contained the following spells:

 Spells                   Type           Power        Failure   Level
 Gell's Gravitas          Tloc           #.........   28%         3
 Lesser Beckoning         Tloc           #.........   28%         3
 Teleport Other           Tloc           #.......     28%         3
 Passage of Golubria      Tloc           N/A          67%         4


Dungeon Overview and Level Annotations

Branches:
Dungeon (7/15)             Temple (0/1) D:6

Altars:
Dithmenos
Hepliaklqana
Ru
Trog
Xom
Yredelemnul
Zin
The Shining One

Annotations:
D:7 Harold


Innate Abilities, Weirdness & Mutations

You have a pair of antennae on your head.
You are partially covered in thin metallic scales. (AC +2)
Your flesh is cold resistant. (rC+)
A weak demonic guardian rushes to your aid.
Your life essence is reduced to manifest your ancestor. (-10% HP)


Message History

Your white imp dies!
Harold hits you from afar with a +0 halberd.
Harold fires a harpoon shot at you. The harpoon shot hits you!
You are yanked forward by the harpoon shot.
You are too injured to fight recklessly!
You are too injured to fight recklessly!
You are too injured to fight recklessly!
You are too injured to fight recklessly!
You hit Harold but do no damage.
Harold is lightly wounded.
Harold is engulfed in blazing flames.
Harold hits you with a +0 halberd.
You hit Harold.
Harold is moderately wounded.
Harold is engulfed in blazing flames.
Harold hits you with a +0 halberd!!
* * * LOW HITPOINT WARNING * * *
You slash Harold!
Harold is heavily wounded.
Harold is engulfed in blazing flames.
Harold hits you with a +0 halberd!
You die...

.#.#.# #.##.......#
.#.#.# #.##.#####.#
.#.#.# #.##.#
.#.#.#####[##.#
.#.#)...##)##.# #
.#.####.##)##.#####.#
.#.####.##.##.......#
.#.........##.##°####
.......).)....##@#
<....##.#####.##@#
####.##.# #.##.#
#.##.#####.##.#
####....[.....##.#
........#####.##.#
######### #.##.# #
#.##.# ########## #.#


You could see Harold.

Vanquished Creatures
  A hippogriff (D:7)
  4 yaks (D:6)
  A basilisk (D:7)
  An ice beast (D:6)
  5 ogres
  2 bullfrogs (D:6)
  A wyvern skeleton (D:7)
  A howler monkey (D:5)
  A centaur zombie (D:5)
  2 hounds
  2 orc wizards (D:7)
  5 worker ants
  A worker ant zombie (D:5)
  3 gnolls (D:3)
  A howler monkey skeleton (D:6)
  9 adders
  A shadow imp (D:5)
  A white imp (D:7)
  2 ancestors (D:5)
  11 hexers
  An ooze (D:1)
  3 adder skeletons
  A worm (D:3)
  3 dart slugs
  5 leopard geckos
  13 orcs
  8 giant cockroaches
  6 goblins
  10 hobgoblins
  13 jackals
  4 quokkas
  5 ball pythons
  5 bats
  10 frilled lizards
  A goblin skeleton (D:7)
  A goblin zombie (D:7)
  3 hobgoblin zombies (D:7)
  2 kobolds
  A kobold zombie (D:7)
  2 orc skeletons (D:7)
  2 orc zombies (D:7)
  4 rats
158 creatures vanquished.

Vanquished Creatures (collateral kills)
  A hound (D:4)
  A centaur skeleton (D:7)
  A worker ant (D:5)
  A hound zombie (D:5)
  A howler monkey skeleton (D:5)
  A leopard gecko (D:3)
  A goblin (D:3)
  A jackal (D:4)
  A frilled lizard (D:5)
9 creatures vanquished.

Grand Total: 167 creatures vanquished

Notes
Turn   | Place    | Note
-------+----------+-------------------------------------------
     0 | D:1      | BeastOfSaturn the Demonspawn Warper began the quest for the
                  | Orb.
     0 | D:1      | Reached XP level 1. HP: 16/16 MP: 3/3
   132 | D:1      | Reached skill level 2 in Long Blades
   325 | D:1      | Gained mutation: You have a pair of small antennae on your
                  | head. [demonic ancestry]
   325 | D:1      | Reached XP level 2. HP: 22/22 MP: 5/5
   947 | D:2      | Gained mutation: You are partially covered in thin metallic
                  | scales. (AC +2) [demonic ancestry]
   947 | D:2      | Reached XP level 3. HP: 27/28 MP: 6/6
  1146 | D:2      | Reached skill level 3 in Long Blades
  1172 | D:2      | Gained mutation: A weak demonic guardian rushes to your
                  | aid. [demonic ancestry]
  1172 | D:2      | Reached XP level 4. HP: 31/34 MP: 7/7
  1393 | D:2      | Found a hazy altar of Hepliaklqana.
  1397 | D:2      | Became a worshipper of Hepliaklqana the Forgotten
  1456 | D:3      | Found a basalt altar of Yredelemnul.
  1801 | D:3      | Found a faded altar of an unknown god.
  2147 | D:3      | Gained mutation: Your flesh is cold resistant. (rC+)
                  | [demonic ancestry]
  2147 | D:3      | Reached XP level 5. HP: 24/36 MP: 8/8
  2437 | D:3      | Reached * piety under Hepliaklqana
  2453 | D:3      | Found a shadowy altar of Dithmenos.
  2526 | D:3      | Learned a level 2 spell: Blink
  2719 | D:4      | Reached skill level 4 in Long Blades
  3018 | D:4      | Reached XP level 6. HP: 42/42 MP: 9/9
  3532 | D:5      | Entered Level 5 of the Dungeon
  3707 | D:5      | Reached skill level 5 in Long Blades
  3786 | D:5      | Found a sacrificial altar of Ru.
  3940 | D:5      | Reached ** piety under Hepliaklqana
  3986 | D:5      | Found the +3 salamander hide armour {Flames rF++ rC--}
  4266 | D:5      | Remembered your ancestor Saturn as a hexer
  4341 | D:6      | Noticed a yak
  4341 | D:6      | Noticed a yak
  4341 | D:6      | Noticed a yak
  4342 | D:6      | Noticed a yak
  4345 | D:6      | Killed a yak
  4345 | D:6      | Reached XP level 7. HP: 43/47 MP: 10/10
  4347 | D:6      | Killed a yak
  4347 | D:6      | Reached skill level 6 in Long Blades
  4349 | D:6      | Killed a yak
  4350 | D:6      | Killed a yak
  4350 | D:6      | Reached skill level 7 in Long Blades
  4350 | D:6      | Reached XP level 8. HP: 24/54 MP: 11/11
  4533 | D:6      | Found a glowing silver altar of Zin.
  4533 | D:6      | Noticed an angel
  4534 | D:6      | Found a shimmering altar of Xom.
  4614 | D:6      | Found a bloodstained altar of Trog.
  4629 | D:6      | Found a staircase to the Ecumenical Temple.
  4941 | D:7      | Reached skill level 8 in Long Blades
  4945 | D:7      | Reached skill level 5 in Fighting
  5087 | D:7      | Noticed a hippogriff
  5092 | D:7      | Killed a hippogriff
  5218 | D:7      | Found a glowing golden altar of the Shining One.
  5286 | D:7      | Reached skill level 9 in Long Blades
  5286 | D:7      | Gained mutation: You have a pair of antennae on your head.
                  | [demonic ancestry]
  5286 | D:7      | Reached XP level 9. HP: 61/61 MP: 12/12
  5503 | D:7      | Noticed Harold
  5513 | D:7      | HP: 1/61 [Harold/+0 halberd (21)]
  5514 | D:7      | Mangled by Harold

Illustrated notes

Levels and vault maps discovered:
D:1:      shiori_arrival_oz, layout_basic
D:2:      layout_rooms, marbit_many_paths
D:3:      layout_basic, nicolae_overflow_hidden_temple, lemuel_round_altar,
          chequers_ecumenical_altar_twisty, ebering_dispersal_statue_hall
D:4:      layout_basic
D:5:      layout_basic, minmay_misc_feat_columns, nicolae_ru_awakened_eye
D:6:      layout_cave_pools, grunt_temple_overflow_order_and_chaos_1,
          bloody_trog, temple_fountains
D:7:      layout_loops_ring, nicolae_tso_besieged_by_evil, uniq_harold

Skill      XL: |  1  2  3  4  5  6  7  8 |
---------------+-------------------------+-----
Long Blades    | 2 3 4 5 7 9 |  9.2
Dodging        | 2 3 4 |  4.7
Fighting       | 3 4 5 |  5.5
Throwing       | |  0.8
Armour         | |  0.8
Spellcasting   | |  2.0
Translocations | |  2.6

Action                   |  1- 3 |  4- 6 |  7- 9 || total
-------------------------+-------+-------+-------++-------
Melee: Falchion          |   110 |    32 |       ||   142
       Great sword       |       |   171 |    32 ||   203
       Unarmed           |       |    17 |       ||    17
Invok: Ancestor Identity |       |     1 |       ||     1
       Recall Ancestor   |       |     1 |     1 ||     2
       Ancestor Life: He |       |     1 |       ||     1
  Use: Scroll            |     3 |     5 |       ||     8
 Stab: Sleeping          |       |     1 |       ||     1
Armor: Leather armour    |    58 |    32 |     6 ||    96
       Skin              |       |     5 |       ||     5
       Scale mail        |       |   101 |       ||   101
Dodge: Dodged            |    84 |   160 |    17 ||   261
       Rpst.: Falchion   |    25 |     7 |       ||    32
       Great sword       |       |    40 |     4 ||    44

Table legend: (Time is in decaauts)
 A = Elapsed time spent in this place.
 B = Non-inter-level travel time spent in this place.
 C = Inter-level travel time spent in this place.
 D = Time resting spent in this place.
 E = Time spent auto-exploring this place.
 F = Levels seen in this place.
 G = Mean time per level.
                   A        B        C        D        E       F      G
               +--------+--------+--------+--------+--------+-----+--------+
         Total |   5624 |   5466 |    158 |    102 |   4437 |   7 |  803.4 |
       Dungeon |   5624 |   5466 |    158 |    102 |   4437 |   7 |  803.4 |
               +--------+--------+--------+--------+--------+-----+--------+

Top non-repeatable levels by time:
     D:3: 1126 daAuts
     D:4: 1020 daAuts
     D:1: 911 daAuts
     D:5: 833 daAuts
     D:6: 597 daAuts
     D:7: 585 daAuts
     D:2: 550 daAuts
